 Dungeon Crawl Stone Soup version 0.24.0-13-gcf9b319 (webtiles) character file.

Game seed: 3283121365667578132, levelgen mode: deterministic

384 Bronimir the Gusty (level 6, -2/33 HPs)
             Began as a Tengu Air Elementalist on Mar 26, 2020.
             Slain by a slave (9 damage)
             ... led by Pikel
             ... on level 5 of the Dungeon.
             The game lasted 00:14:35 (5027 turns).

Bronimir the Gusty (Tengu Air Elementalist)         Turns: 5027, Time: 00:14:35

Health: -2/33      AC:  4    Str:  8    XL:     6   Next: 77%
Magic:  10/21      EV: 12    Int: 17    God:
Gold:   197        SH:  0    Dex: 15    Spells: 1/11 levels left

rFire    . . .     SeeInvis .   a - +0 quarterstaff
rCold    . . .     Gourm    .   (shield currently unavailable)
rNeg     . . .     Faith    .   t - +1 leather armour
rPois    .         Spirit   .   (helmet restricted)
rElec    .         Reflect  .   (no cloak)
rCorr    .         Harm     .   (no gloves)
MR       .....                  (boots unavailable)
Stlth    ++........             (no amulet)
HPRegen  0.11/turn              x - ring of magical power
MPRegen  0.17/turn              (no ring)

@: no status effects
A: beak, talons 3, able to fly
a: Fly


You were on level 5 of the Dungeon.
You were not hungry.

You visited 1 branch of the dungeon, and saw 5 of its levels.

You collected 197 gold pieces.

Inventory:

Hand Weapons
 a - a +0 quarterstaff (weapon)
 b - a +6 shortbow
 e - a +0 dagger
 m - a +0 club
 o - a +2 short sword of draining
 v - a +0 mace
 C - a +0 hand axe
 F - a +0 hunting sling
 H - a +0 spear
Missiles
 j - 5 arrows
 k - 119 sling bullets
 z - 113 stones (quivered)
Armour
 i - a +0 robe
 t - a +1 leather armour (worn)
Jewellery
 x - a ring of magical power (left hand)
 y - an uncursed ring of see invisible {unknown}
 J - a +6 ring of dexterity {unknown}
Wands
 r - a wand of polymorph (9)
 L - a wand of iceblast (7)
Scrolls
 f - 6 scrolls of identify {unknown}
 h - a scroll of enchant armour
 l - 2 scrolls of blinking {unknown}
 p - a scroll of enchant weapon {unknown}
 q - a scroll of fog {unknown}
 s - a scroll of noise {unknown}
 w - a scroll of amnesia {unknown}
 B - a scroll of teleportation {unknown}
 E - a scroll of immolation {unknown}
 I - a scroll of fear {unknown}
Potions
 d - a potion of cancellation {unknown}
 g - 2 potions of haste
 n - 3 potions of curing
 u - a potion of berserk rage {unknown}
 A - a potion of heal wounds {unknown}
 D - 3 potions of lignification {unknown}
 G - a potion of mutation {unknown}
 K - a potion of magic {unknown}
Comestibles
 c - 5 rations


   Skills:
 + Level 0.4 Fighting
 + Level 0.2 Short Blades
 + Level 1.6 Axes
 + Level 0.3 Staves
 * Level 2.3 Armour
 + Level 2.8 Dodging
 - Level 2.0 Stealth
 * Level 3.4 Spellcasting
 * Level 3.5 Conjurations
 * Level 6.3 Air Magic


You had one spell level left.
You knew the following spells:

 Your Spells              Type           Power        Failure   Level  Hunger
a - Shock                 Conj/Air       ###.         3%          1    None
b - Swiftness             Chrm/Air       ##......     10%         2    ##.....
c - Static Discharge      Conj/Air       ###.....     10%         3    ###....
d - Airstrike             Air            ###.......   17%         4    ####...

Your spell library contained the following spells:

 Spells                   Type           Power        Failure   Level  Hunger
 Lightning Bolt           Conj/Air       ###.......   65%         5    ######.


Dungeon Overview and Level Annotations

Branches:
Dungeon (5/15)
 Temple: D:4-7

Altars:
Elyvilon
Yredelemnul

Annotations:
D:4 unfinished transonders, bullsaxe1's ghost, amateur DrMo
D:5 Pikel


Innate Abilities, Weirdness & Mutations

You have a beak for a mouth.
You have claws for feet.
You can fly continuously.


Message History

Aiming: Airstrike (slightly dangerous; 17% risk of failure)
Press: ? - help, Dir - move target cursor, f/p - Pikel
Aim: Pikel, wielding a +1 whip of freezing and wearing a +2 robe of cold resistance (moderately wounded)
The air twists around and strikes Pikel.
Pikel is moderately wounded.
The slave hits you.
Pikel hits you with a +1 whip of freezing.
Pikel freezes you. The slave closely misses you.
Pikel hits you with a +1 whip of freezing.
* * * LOW HITPOINT WARNING * * *
Pikel freezes you.
* * * LOW HITPOINT WARNING * * *
You climb downwards.
There is a stone staircase leading up here.
As you read the scroll labeled USE XIXZEN QUR, it crumbles to dust.
It is a scroll of enchant armour.
Your +0 leather armour glows green for a moment.
The slave hits you!
You die...

###
#@#
#p#
#K#
#..
###


You could see Pikel and a slave.

Vanquished Creatures
  A phantom (D:4)
  2 crimson imps
  An orc priest (D:4)
  A jelly (D:4)
  10 adders
  5 worms (D:3)
  A dart slug (D:1)
  2 leopard geckos
  9 orcs
  3 giant cockroaches
  6 goblins
  3 hobgoblins
  2 jackals (D:3)
  A quokka (D:3)
  4 ball pythons
  3 bats
  6 frilled lizards
  4 kobolds
  4 rats
68 creatures vanquished.

Vanquished Creatures (others)
  3 plants (D:4)
3 creatures vanquished.

Grand Total: 71 creatures vanquished

Notes
Turn   | Place    | Note
-------+----------+-------------------------------------------
     0 | D:1      | Bronimir the Tengu Air Elementalist began the quest for the
                  | Orb.
     0 | D:1      | Reached XP level 1. HP: 10/10 MP: 4/4
   420 | D:1      | Reached XP level 2. HP: 15/15 MP: 1/6
  1153 | D:2      | Learned a level 2 spell: Swiftness
  1205 | D:2      | Reached XP level 3. HP: 16/19 MP: 3/7
  1482 | D:2      | Reached skill level 1 in Armour
  1482 | D:2      | Reached skill level 5 in Air Magic
  1482 | D:2      | Reached XP level 4. HP: 20/24 MP: 2/8
  2471 | D:3      | Learned a level 3 spell: Static Discharge
  2578 | D:3      | Found a basalt altar of Yredelemnul.
  2708 | D:3      | Gained mutation: You can fly continuously. [Tengu growth]
  2708 | D:3      | Reached XP level 5. HP: 20/28 MP: 10/10
  2768 | D:3      | Found a white marble altar of Elyvilon.
  3456 | D:4      | Identified the +4 ring mail "Suttosm" {MR+ Dex+8}
  3456 | D:4      | Identified the cursed -2 buckler of Unambiguity {rF+ Int+2}
  3474 | D:4      | Reached skill level 1 in Axes
  3502 | D:3      | Reached XP level 6. HP: 6/33 MP: 4/11
  3783 | D:3      | Learned a level 4 spell: Airstrike
  4147 | D:3      | Reached skill level 6 in Air Magic
  4496 | D:4      | Noticed bullsaxe1's ghost (amateur DrMo)
  4501 | D:4      | Found a transporter.
  4507 | D:4      | Found a transporter.
  4573 | D:4      | Noticed a phantom
  4582 | D:4      | Killed a phantom
  4747 | D:4      | Noticed a slave
  4747 | D:4      | Noticed a slave
  4747 | D:4      | Noticed a slave
  4747 | D:4      | Noticed Pikel
  4749 | D:4      | Noticed a slave
  4790 | D:5      | Entered Level 5 of the Dungeon
  5027 | D:5      | Slain by a slave

Levels and vault maps discovered:
D:1:      lightli_arrival_statue_moat, layout_basic
D:2:      layout_loops_ring
D:3:      minmay_octagon_keep, layout_loops_cross, lemuel_crystal_altar,
          nicolae_overflow_crystal_walls
D:4:      layout_gridville, gammafunk_ghost_gnarly_gnolls, first_ration,
          uniq_pikel
D:5:      layout_basic, uniq_crazy_yiuf_cottage

Skill      XL: |  1  2  3  4  5  6 |
---------------+-------------------+-----
Conjurations   | 2 3 |  3.5
Armour         | 1 2 |  2.3
Air Magic      | 5 6 |  6.3
Axes           | 1 |  1.6
Spellcasting   | 3 |  3.4
Fighting       | |  0.4
Short Blades   | |  0.2
Staves         | |  0.3
Dodging        | |  2.8
Stealth        | |  2.0

Action                   |  1- 3 |  4- 6 || total
-------------------------+-------+-------++-------
Melee: Dagger            |    13 |       ||    13
       Kick              |     6 |     8 ||    14
       Short sword       |    12 |       ||    12
       Peck              |     3 |     7 ||    10
       Hand axe          |       |    30 ||    30
       Quarterstaff      |       |    12 ||    12
 Fire: Hunting sling     |       |     1 ||     1
 Cast: Shock             |    33 |    84 ||   117
       Swiftness         |       |     2 ||     2
       Static Discharge  |       |    11 ||    11
       Airstrike         |       |    10 ||    10
  Use: Potion            |       |     1 ||     1
       Scroll            |       |     1 ||     1
 Stab: Sleeping          |     1 |     5 ||     6
  Eat: Chunk             |     2 |     9 ||    11
       Ration            |       |     2 ||     2
Armor: Robe              |     8 |       ||     8
       Leather armour    |       |    17 ||    17
Dodge: Dodged            |    19 |    77 ||    96
